 Dungeon Crawl Stone Soup version 0.21.1-1-g345015f (webtiles) character file.

670 tidbits the Insei (level 7, -1/53 HPs)
             Began as a Gnoll Transmuter on Feb 14, 2018.
             Slain by an iguana (6 damage)
             ... on level 7 of the Dungeon.
             The game lasted 00:10:39 (1149 turns).

tidbits the Insei (Gnoll Transmuter)                Turns: 1149, Time: 00:10:40

Health: -1/53      AC:  2    Str: 12    XL:     7   Next: 58%
Magic:  1/15       EV: 24    Int: 17    God:
Gold:   141        SH:  0    Dex: 21    Spells: 11/17 levels left

rFire    . . .     SeeInvis .     - Unarmed
rCold    . . .     Gourm    .   (shield currently unavailable)
rNeg     . . .     Faith    .   (armour currently unavailable)
rPois    x         Spirit   .   (helmet currently unavailable)
rElec    .         Reflect  .   (cloak currently unavailable)
rCorr    .         Harm     .   (gloves currently unavailable)
MR       .....                  (boots currently unavailable)
Stlth    +++.......             (no amulet)
HPRegen  0.17/turn              (no ring)
MPRegen  0.14/turn              (no ring)

@: spider-form
A: tiny, distributed training, strong nose
a: End Transformation


You were on level 7 of the Dungeon.
You were very full.
You were a venomous arachnid creature.
You visited 2 branches of the dungeon, and saw 8 of its levels.

You collected 141 gold pieces.

Inventory:

Hand Weapons
 j - a +0 scythe
 k - a +0 war axe
 n - a +0 flail of holy wrath
   (You took it off an orc on level 5 of the Dungeon)
 p - a +1 flail of crushing
   (You took it off Edmund on level 5 of the Dungeon)
Missiles
 a - 43 arrows
 f - 28 stones
 h - 4 tomahawks (quivered)
Armour
 b - a +0 robe (melded)
 o - a +0 pair of boots
 C - a +1 cloak (melded)
 G - a +1 pair of gloves (melded)
Wands
 r - a wand of acid (5)
Scrolls
 e - a scroll of fear
 i - a scroll of fog
 l - a scroll of remove curse {unknown}
 m - a scroll of enchant weapon {unknown}
 q - a scroll of amnesia {unknown}
Potions
 g - 2 potions of curing
 s - a potion of brilliance
Books
 d - a book of Changes

   Spells                             Type                      Level
   a - Beastly Appendage              Transmutation                1
   b - Sticks to Snakes               Transmutation                2
   c - Spider Form                    Transmutation/Poison         3
   d - Ice Form                       Ice/Transmutation            4
   e - Blade Hands                    Transmutation                5
Comestibles
 c - 5 rations


   Skills:
 + Level 3.6 Fighting
 + Level 2.5 Short Blades
 + Level 2.5 Long Blades
 + Level 2.5 Axes
 + Level 2.5 Maces & Flails
 + Level 2.5 Polearms
 + Level 2.5 Staves
 + Level 2.5 Slings
 + Level 2.5 Bows
 + Level 2.5 Crossbows
 + Level 2.5 Throwing
 + Level 2.5 Armour
 + Level 5.2 Dodging
 + Level 2.5 Stealth
 + Level 2.5 Shields
 + Level 7.0 Unarmed Combat
 + Level 5.6 Spellcasting
 + Level 2.0 Conjurations
 + Level 2.0 Hexes
 + Level 2.0 Charms
 + Level 2.0 Summonings
 + Level 2.0 Necromancy
 + Level 2.0 Translocations
 + Level 4.3 Transmutations
 + Level 2.0 Fire Magic
 + Level 2.0 Ice Magic
 + Level 2.0 Air Magic
 + Level 2.0 Earth Magic
 + Level 2.0 Poison Magic
 + Level 2.8 Invocations
 + Level 2.5 Evocations


You had 11 spell levels left.
You knew the following spells:

 Your Spells              Type           Power        Failure   Level  Hunger
e - Beastly Appendage     Tmut           ###...       9%          1    None
k - Sticks to Snakes      Tmut           ###.....     11%         2    #......
p - Spider Form           Tmut/Pois      ###.......   26%         3    ##.....


Dungeon Overview and Level Annotations

Branches:
Dungeon (7/15)             Temple (1/1) D:4

Altars:
Elyvilon
Fedhas
Gozag
Hepliaklqana
Kikubaaqudgha
Makhleb
Ru
Sif Muna
Wu Jian
Xom
Yredelemnul
Zin

Shops:
D:7 (


Innate Abilities, Weirdness & Mutations

Your experience applies equally to all skills.
((You have very sharp teeth.))
Your uncanny sense of smell can sniff out nearby items.


Message History

You turn into a venomous arachnid creature.
Your +1 cloak melds into your body.
Your +1 pair of gloves melds into your body.
Your +0 robe melds into your body.
Okay, then.
Okay, then.
Evoke which item? (* to show all) (? for menu, Esc to quit)
Okay, then.
Your ball python bites the worker ant but does no damage.
Your ball python grabs the worker ant.
Your ball python constricts the worker ant.
An iguana comes into view.
The worker ant struggles to escape constriction.
Your ball python bites the worker ant.
Your ball python constricts the worker ant.
You see here 13 sling bullets.
Unknown command.
Casting: Spider Form
Confirm with . or Enter, or press ? or * to list all spells.
You create 2 snakes!
You now have 43 arrows.
Your ball python bites the worker ant but does no damage.
Your ball python constricts the worker ant.
The worker ant struggles to escape constriction.
The hippogriff bites your ball python.
The hippogriff barely misses your ball python.
The hippogriff claws your ball python!
Your ball python dies!
The quokka barely misses your ball python.
The worker ant struggles to escape constriction.
Unknown command.
Casting: Sticks to Snakes
Confirm with . or Enter, or press ? or * to list all spells.
You don't have enough magic to cast that spell.
Your ball python bites the worker ant.
Your ball python constricts the worker ant.
The quokka barely misses your ball python.
The worker ant closely misses your ball python.
Your ball python bites the worker ant but does no damage.
Your ball python constricts the worker ant.
The quokka barely misses your ball python.
Your ball python bites the hippogriff.
Your ball python bites the worker ant.
Your ball python constricts the worker ant.
The worker ant misses your ball python.
You hit the hippogriff.
The hippogriff is poisoned.
The hippogriff is lightly wounded.
The quokka closely misses your ball python.
Your ball python closely misses the hippogriff.
Your ball python bites the worker ant but does no damage.
Your ball python constricts the worker ant.
The worker ant bites your ball python!
Your ball python dies!
The hippogriff bites you! The hippogriff barely misses you. x2
You hit the hippogriff.
The hippogriff looks as sick as possible!
The hippogriff is moderately wounded.
Your ball python bites the hippogriff but does no damage.
The worker ant bites your ball python.
Your ball python closely misses the worker ant.
Your ball python grabs the worker ant.
Your ball python constricts the worker ant.
The hippogriff misses you. The hippogriff pecks you!
* * * LOW HITPOINT WARNING * * *
The hippogriff barely misses you.
You bite the hippogriff!
The hippogriff looks as sick as possible!
The hippogriff is heavily wounded.
Your ball python bites the hippogriff.
The iguana bites your ball python!
Your ball python dies!
The worker ant closely misses your ball python.
Your ball python bites the worker ant.
Your ball python constricts the worker ant.
The hippogriff bites you.
* * * LOW HITPOINT WARNING * * *
The hippogriff pecks you.
* * * LOW HITPOINT WARNING * * *
The hippogriff completely misses you.
You hit the hippogriff.
The hippogriff looks as sick as possible!
The hippogriff is heavily wounded.
The worker ant bites your ball python.
Your ball python dies!
You hit the hippogriff.
The hippogriff is severely wounded.
The hippogriff bites you.
* * * LOW HITPOINT WARNING * * *
The hippogriff barely misses you. The hippogriff claws you.
* * * LOW HITPOINT WARNING * * *
The iguana bites you.
* * * LOW HITPOINT WARNING * * *
You hit the hippogriff but do no damage.
The hippogriff is severely wounded.
The hippogriff bites you!
* * * LOW HITPOINT WARNING * * *
The hippogriff misses you. x2; The iguana completely misses you.
You barely miss the hippogriff.
The hippogriff is severely wounded.
The hippogriff completely misses you. x2
The hippogriff claws you but does no damage.
The iguana bites you.
You die...

....... #...# ## ......
#<..#..## . #....#
#.......#
..##....#######.......#
.................##..####
.................###+##..
..................#...#..
.......la.#.#.....#...#..
......rHs..∩.....##..####
..##...####.###'###..##..
#... ##..###..##......
.....∆#...#............
....... #...'....##..##..
..##... #######..##..##..
.. #... #.)##..##.. ....
#.......#.. #.......#..


You could see a hippogriff, an iguana, a worker ant and a quokka.

Vanquished Creatures
  Sigmund (D:3)
  Edmund (D:5)
  2 ogres
  A centaur (D:6)
  A howler monkey (D:3)
  A worker ant (D:4)
  Robin (D:3)
  2 adders
  3 oozes
  A worm (D:2)
  A dart slug (D:2)
  A leopard gecko (D:4)
  2 orcs
  3 bats
  A giant cockroach (D:6)
  8 goblins
  7 hobgoblins
  6 jackals
  4 kobolds
  A ball python (D:3)
  2 rats
50 creatures vanquished.

Vanquished Creatures (collateral kills)
  A crimson imp (D:7)
1 creature vanquished.

Vanquished Creatures (others)
  An orc priest (D:6)
  An orc (D:6)
2 creatures vanquished.

Grand Total: 53 creatures vanquished

Notes
Turn   | Place    | Note
-------+----------+-------------------------------------------
     0 | D:1      | tidbits the Gnoll Transmuter began the quest for the Orb.
     0 | D:1      | Reached XP level 1. HP: 17/17 MP: 6/6
    93 | D:1      | Reached XP level 2. HP: 23/23 MP: 5/7
   100 | D:1      | Learned a level 2 spell: Sticks to Snakes
   255 | D:2      | Found a burning altar of Makhleb.
   343 | D:3      | Noticed Robin
   343 | D:3      | Noticed a howler monkey
   350 | D:3      | Reached XP level 3. HP: 28/28 MP: 7/9
   357 | D:3      | Killed Robin
   357 | D:3      | Reached skill level 5 in Spellcasting
   363 | D:3      | Reached skill level 1 in Short Blades
   363 | D:3      | Reached skill level 1 in Long Blades
   363 | D:3      | Reached skill level 1 in Axes
   363 | D:3      | Reached skill level 1 in Maces & Flails
   363 | D:3      | Reached skill level 1 in Polearms
   363 | D:3      | Reached skill level 1 in Staves
   363 | D:3      | Reached skill level 1 in Slings
   363 | D:3      | Reached skill level 1 in Bows
   363 | D:3      | Reached skill level 1 in Crossbows
   363 | D:3      | Reached skill level 1 in Throwing
   363 | D:3      | Reached skill level 1 in Armour
   363 | D:3      | Reached skill level 1 in Stealth
   363 | D:3      | Reached skill level 1 in Shields
   363 | D:3      | Reached skill level 1 in Invocations
   363 | D:3      | Reached skill level 1 in Evocations
   363 | D:3      | Reached XP level 4. HP: 34/34 MP: 9/11
   364 | D:3      | Noticed Sigmund
   386 | D:3      | Reached skill level 1 in Conjurations
   386 | D:3      | Reached skill level 1 in Hexes
   386 | D:3      | Reached skill level 1 in Charms
   386 | D:3      | Reached skill level 1 in Summonings
   386 | D:3      | Reached skill level 1 in Necromancy
   386 | D:3      | Reached skill level 1 in Translocations
   386 | D:3      | Reached skill level 1 in Fire Magic
   386 | D:3      | Reached skill level 1 in Ice Magic
   386 | D:3      | Reached skill level 1 in Air Magic
   386 | D:3      | Reached skill level 1 in Earth Magic
   386 | D:3      | Reached skill level 1 in Poison Magic
   402 | D:2      | Learned a level 3 spell: Spider Form
   694 | D:3      | Killed Sigmund
   694 | D:3      | Reached skill level 3 in Fighting
   694 | D:3      | Reached skill level 4 in Transmutations
   694 | D:3      | Reached skill level 2 in Invocations
   694 | D:3      | Reached XP level 5. HP: 8/41 MP: 8/12
   694 | D:3      | Reached XP level 6. HP: 9/47 MP: 8/13
   786 | D:4      | Found an ornate altar of the Wu Jian Council.
   788 | D:4      | Found a staircase to the Ecumenical Temple.
   797 | Temple   | Entered the Ecumenical Temple
   862 | D:4      | Reached skill level 2 in Short Blades
   862 | D:4      | Reached skill level 2 in Long Blades
   862 | D:4      | Reached skill level 2 in Axes
   862 | D:4      | Reached skill level 2 in Maces & Flails
   862 | D:4      | Reached skill level 2 in Polearms
   862 | D:4      | Reached skill level 2 in Staves
   862 | D:4      | Reached skill level 2 in Slings
   862 | D:4      | Reached skill level 2 in Bows
   862 | D:4      | Reached skill level 2 in Crossbows
   862 | D:4      | Reached skill level 2 in Throwing
   862 | D:4      | Reached skill level 2 in Armour
   862 | D:4      | Reached skill level 5 in Dodging
   862 | D:4      | Reached skill level 2 in Stealth
   862 | D:4      | Reached skill level 2 in Shields
   862 | D:4      | Reached skill level 2 in Evocations
   875 | D:4      | Found a white marble altar of Elyvilon.
   938 | D:5      | Entered Level 5 of the Dungeon
   942 | D:6      | Noticed a black bear
   976 | D:5      | Noticed Edmund
   987 | D:5      | Killed Edmund
   987 | D:5      | Reached XP level 7. HP: 41/52 MP: 5/15
  1021 | D:6      | Reached skill level 7 in Unarmed Combat
  1065 | D:7      | Found Liheg's Weapon Shop.
  1073 | D:7      | Reached skill level 2 in Conjurations
  1073 | D:7      | Reached skill level 2 in Hexes
  1073 | D:7      | Reached skill level 2 in Charms
  1073 | D:7      | Reached skill level 2 in Summonings
  1073 | D:7      | Reached skill level 2 in Necromancy
  1073 | D:7      | Reached skill level 2 in Translocations
  1073 | D:7      | Reached skill level 2 in Fire Magic
  1073 | D:7      | Reached skill level 2 in Ice Magic
  1073 | D:7      | Reached skill level 2 in Air Magic
  1073 | D:7      | Reached skill level 2 in Earth Magic
  1073 | D:7      | Reached skill level 2 in Poison Magic
  1135 | D:7      | Noticed a hippogriff
  1148 | D:7      | HP: 5/53 [hippogriff (10)]
  1149 | D:7      | Slain by an iguana

Skill      XL: |  1  2  3  4  5  6  7 |
---------------+----------------------+-----
Spellcasting   | 5 |  5.6
Short Blades   | 1 2 |  2.5
Long Blades    | 1 2 |  2.5
Axes           | 1 2 |  2.5
Maces & Flails | 1 2 |  2.5
Polearms       | 1 2 |  2.5
Staves         | 1 2 |  2.5
Slings         | 1 2 |  2.5
Bows           | 1 2 |  2.5
Crossbows      | 1 2 |  2.5
Throwing       | 1 2 |  2.5
Armour         | 1 2 |  2.5
Stealth        | 1 2 |  2.5
Shields        | 1 2 |  2.5
Invocations    | 1 2 |  2.8
Evocations     | 1 2 |  2.5
Conjurations   | 1 2 |  2.0
Hexes          | 1 2 |  2.0
Charms         | 1 2 |  2.0
Summonings     | 1 2 |  2.0
Necromancy     | 1 2 |  2.0
Translocations | 1 2 |  2.0
Fire Magic     | 1 2 |  2.0
Ice Magic      | 1 2 |  2.0
Air Magic      | 1 2 |  2.0
Earth Magic    | 1 2 |  2.0
Poison Magic   | 1 2 |  2.0
Fighting       | 3 |  3.6
Transmutations | 4 |  4.3
Dodging        | 5 |  5.2
Unarmed Combat | 7 |  7.0

Action                   |  1- 3 |  4- 6 |  7- 9 || total
-------------------------+-------+-------+-------++-------
Melee: Unarmed           |    38 |    67 |    21 ||   126
       Headbutt          |     2 |       |       ||     2
       Bite              |     1 |     2 |       ||     3
       Kick              |     4 |     4 |       ||     8
       Punch             |     1 |     2 |       ||     3
 Cast: Beastly Appendage |     8 |     1 |       ||     9
       Sticks to Snakes  |     1 |     5 |     4 ||    10
       Spider Form       |       |    10 |     5 ||    15
  Use: Potion            |     5 |     3 |       ||     8
       Scroll            |     1 |     4 |       ||     5
 Stab: Distracted        |       |     1 |       ||     1
  Eat: Ration            |       |     3 |       ||     3
Armor: Skin              |    52 |     9 |     1 ||    62
       Robe              |     2 |     4 |       ||     6
Dodge: Dodged            |    16 |    70 |    28 ||   114

Table legend:
 A = Turns spent in this place as a percentage of turns spent in the entire game.
 B = Non-inter-level travel turns spent in this place as a percentage of non-inter-level travel turns spent in the entire game.
 C = Inter-level travel turns spent in this place as a percentage of turns spent in this place.
 D = Turns resting spent in this place as a percentage of non-inter-level travel turns spent in this place.
 E = Turns spent auto-exploring this place as a percentage of non-inter-level travel turns spent in this place.
 F = Non-inter-level travel turns spent in this place divided by the number of levels of this place that you've seen.
                   A       B       C       D       E      F
               +-------+-------+-------+-------+-------+----------------------
         Total | 100.0 | 100.0 |   0.0 |   0.0 |   0.0 | 143.6
       Dungeon |  95.0 |  95.0 |   0.0 |   0.0 |   0.0 | 155.9
        Temple |   5.0 |   5.0 |   0.0 |   0.0 |   0.0 |  58.0
               +-------+-------+-------+-------+-------+----------------------

Table legend:
 A = Kills in this place as a percentage of kills in entire the game.
 B = Kills by you in this place as a percentage of kills by you in the entire game.
 C = Kills by friends in this place as a percentage of kills by friends in the entire game.
 D = Other kills in this place as a percentage of other kills in the entire game.
 E = Experience gained in this place as a percentage of experience gained in the entire game.
 F = Experience gained in this place divided by the number of levels of this place that you have seen.
                   A       B       C       D       E      F
               +-------+-------+-------+-------+-------+----------------------
         Total | 100.0 | 100.0 | 100.0 |   N/A | 100.0 | 119.8
       Dungeon | 100.0 | 100.0 | 100.0 |   N/A | 100.0 | 136.9
               +-------+-------+-------+-------+-------+----------------------

Vault maps used:
D:1:      saegor_arrival_simple_d, minmay_split_cup_large
D:2:      lemuel_coloured_pillars_altar, uniq_terence, uniq_crazy_yiuf_cottage
D:3:      uniq_sigmund, uniq_robin
D:4:      overflow_temple_1_default, elyvilon_altar_3,
          nicolae_overflow_hidden_temple, minmay_temple_entry_large_hall,
          serial_shops, shop, uniq_grinder, uniq_ijyb
D:5:      kennysheep_little_box, first_ration, uniq_menkaure, uniq_edmund
D:6:      fiery_altar_vehumet, lemuel_doored_altar, uniq_pikel
D:7:      serial_shops, nicolae_shop_crystal, st_stairs_4
Temple:   nicolae_temple_figure_zero
